 Dungeon Crawl Stone Soup version 0.25-a0-364-ge76b031baf (webtiles) character file.

Game seed: 5408780011758899767, levelgen mode: deterministic

80978 Inarius the Severer (level 15, -8/117 HPs)
             Began as a Demonspawn Artificer on Jan 3, 2020.
             Was a High Priest of Trog.
             Killed from afar by Jorgrun (35 damage)
             ... with an iron shot
             ... on level 14 of the Dungeon on Jan 4, 2020.
             The game lasted 01:10:41 (28405 turns).

Inarius the Severer (Demonspawn Artificer)         Turns: 28405, Time: 01:10:43

Health: -8/117     AC: 20    Str: 21    XL:     15   Next: 25%
Magic:  0/6        EV: 13    Int: 12    God:    Trog [*****.]
Gold:   2141       SH: 11    Dex: 15    Spells: 14/14 levels left

rFire    + . .     SeeInvis .   G - +5 broad axe (antimagic)
rCold    + . .     Gourm    .   N - +0 shield
rNeg     + . .     Faith    .   D - +0 shadow dragon scales
rPois    .         Spirit   +   U - +0 hat "Gesimau" {rN+}
rElec    .         Reflect  .   i - scarf {Spirit}
rCorr    .         Harm     .   M - +2 pair of gloves of the Eight Boll Weevils {+Fly Regen+}
MR       +++..                  L - +1 pair of boots
Stlth    +++++.....             Q - amulet of regeneration
HPRegen  2.09/turn              y - ring of protection from fire
MPRegen  0.10/turn              x - +3 ring of strength

@: berserk cooldown, regenerating, slowed, very slow
A: antennae 2, cold resistance 1, demonic guardian 1, no potion heal 1, freezing
cloud immunity, sturdy frame 3
a: Berserk, Trog's Hand, Brothers in Arms, Renounce Religion, Evoke Flight


You were on level 14 of the Dungeon.
You worshipped Trog.
Trog was extremely pleased with you.
You were very hungry.

You visited 3 branches of the dungeon, and saw 22 of its levels.
You also visited: Gauntlet and Volcano.

You collected 2477 gold pieces.
You spent 336 gold pieces at shops.

Inventory:

Hand Weapons
 a - the +4 trident of Interdependent Arising {speed, +Inv rPois rC+++ Dex-2}
   (You found it on level 6 of the Lair of Beasts)

   Attacks with this weapon are significantly faster.
   It affects your dexterity (-2).
   It renders you almost immune to cold.
   It protects you from poison.
   It lets you turn invisible.
 G - a +5 antimagic broad axe (weapon)
Missiles
 z - 11 silver javelins (quivered)
Armour
 b - a +1 plate armour of magic resistance
 i - a scarf of spirit shield (worn)
 k - a +0 large shield
 D - +0 shadow dragon scales (worn)
 L - a +1 pair of boots (worn)
 M - the +2 pair of gloves of the Eight Boll Weevils (worn) {+Fly Regen+}
   (You found it in a Gauntlet)

   It lets you fly.
   It increases your rate of regeneration.
 N - a +0 shield (worn)
 S - the +3 scale mail of the Everdark {rF+}
   (You found it on level 1 of the Lair of Beasts)

   It protects you from fire.
 U - the +0 hat "Gesimau" (worn) {rN+}
   (You found it in a Gauntlet)

   It protects you from negative energy.
 W - the +0 ring mail of the Sun {rPois Str+7 Int-2}
   (You found it in a Gauntlet)

   It affects your strength (+7).
   It affects your intelligence (-2).
   It protects you from poison.
Jewellery
 d - the ring "Puann" {Ice rElec MP+9}
   (You found it on level 3 of the Lair of Beasts)

   [ring of ice]

   It enhances your ice magic.
   It makes you vulnerable to fire.
   It protects you from cold.
   It insulates you from electricity.
   It affects your magic capacity (+9).
 m - the ring "Norch" {rF- AC+1 Int+5 Dex+6}
   (You took it off a minotaur in a Gauntlet)

   [ring of protection]

   It affects your AC (+1).
   It affects your intelligence (+5).
   It affects your dexterity (+6).
   It makes you vulnerable to fire.
 n - an uncursed ring of protection from cold
 x - a +3 ring of strength (right hand)
 y - a ring of protection from fire (left hand)
 Q - an amulet of regeneration (around neck)
 R - an uncursed ring of protection from fire
 V - a +3 amulet of reflection {unknown}
 X - a +3 ring of evasion
Wands
 A - a wand of digging (3)
 B - a wand of iceblast (18)
 C - a wand of flame (23)
 P - a wand of polymorph (4)
 Z - a wand of acid (14)
Scrolls
 g - 3 scrolls of magic mapping
 h - 6 scrolls of teleportation
 j - 3 scrolls of random uselessness
 l - 16 scrolls of remove curse
 o - 5 scrolls of enchant armour
 r - a scroll of blinking
 u - 5 scrolls of fear
 v - 4 scrolls of amnesia
 H - 2 scrolls of summoning
 J - a scroll of brand weapon {unknown}
Potions
 c - 2 potions of berserk rage {unknown}
 p - 4 potions of curing
 q - 2 potions of agility
 s - a potion of magic
 t - 2 potions of heal wounds
 w - 5 potions of flight
 E - a potion of resistance
 F - 5 potions of mutation
 I - 5 potions of brilliance
 K - 2 potions of haste
 T - 3 potions of cancellation {unknown}
 Y - 2 potions of might
Comestibles
 e - 7 chunks of flesh
 f - 51 rations


   Skills:
 + Level 10.9 Fighting
   Level 0.8 Short Blades
 * Level 17.5 Axes
   Level 0.1(11.8) Maces & Flails
 + Level 9.3 Armour
 + Level 6.4 Dodging
 + Level 3.0 Stealth
 + Level 7.0 Shields
 * Level 5.3 Evocations


You had 14 spell levels left.
You didn't know any spells.
Your spell library contained the following spells:

 Spells                   Type           Power        Failure   Level  Hunger
 Animate Skeleton         Necr           N/A          88%         1    ##.....
 Beastly Appendage        Tmut           #.....       88%         1    ##.....
 Pain                     Necr           #...         88%         1    ##.....
 Blink                    Tloc           N/A          95%         2    ###....
 Ensorcelled Hibernation  Hex/Ice        #.....       95%         2    ###....
 Poisonous Vapours        Pois/Air       #.....       95%         2    ###....
 Shroud of Golubria       Chrm/Tloc      #.....       95%         2    ###....
 Sticks to Snakes         Tmut           #.......     95%         2    ###....
 Conjure Flame            Conj/Fire      #.......     99%         3    ####...
 Gell's Gravitas          Tloc           #.........   99%         3    ####...
 Lesser Beckoning         Tloc           #.........   99%         3    ####...
 Mephitic Cloud           Conj/Pois/Air  #.......     99%         3    ####...
 Regeneration             Chrm/Necr      #.........   99%         3    ####...
 Spider Form              Tmut/Pois      #.........   99%         3    ####...
 Teleport Other           Tloc           #.......     99%         3    ####...
 Vampiric Draining        Necr           #.........   99%         3    ####...
 Animate Dead             Necr           N/A          100%        4    #####..
 Ice Form                 Ice/Tmut       #.......     100%        4    #####..
 Passage of Golubria      Tloc           N/A          100%        4    #####..
 Blade Hands              Tmut           #.........   100%        5    ######.
 Borgnjor's Vile Clutch   Necr/Erth      #.........   100%        5    ######.
 Silence                  Hex/Air        #.........   100%        5    ######.
 Darkness                 Hex            #.........   100%        6    #######
 Freezing Cloud           Conj/Ice/Air   #.........   100%        6    #######
 Shadow Creatures         Summ           N/A          100%        6    #######
 Ring of Flames           Chrm/Fire      #.........   100%        7    #######


Dungeon Overview and Level Annotations

Branches:
Dungeon (14/15)            Temple (0/1) D:6            Lair (6/6) D:9
  Swamp (0/4) Lair:4       Spider (0/4) Lair:2        Slime (0/5) Lair:5
    Orc (2/2) D:10            Elf (0/3) Orc:2       Volcano (visited)
Gauntlet (visited)
 Vaults: D:13-14

Altars:
Ashenzari
Cheibriados
Dithmenos
Elyvilon
Fedhas
Gozag
Hepliaklqana
Makhleb
Qazlal
Sif Muna
Trog
Uskayaw
Vehumet
Xom
Beogh
Jiyva

Shops:
D:5 *   Orc:2 *(=%

Portals:
Hell: Lair:6
Trove: D:10 (give 2 scrolls of acquirement)

Annotations:
D:14 Jorgrun


Innate Abilities, Weirdness & Mutations

You have a pair of antennae on your head.
Your flesh is cold resistant. (rC+)
A weak demonic guardian rushes to your aid.
You are immune to freezing clouds.
Your movements are significantly less encumbered by armour. (ER -6)
Potions are less effective at restoring your health.


Message History

Unknown command.
You feel a strong urge to attack something.
Something hits you but does no damage.
Deactivating autopickup; reactivate with Ctrl-A.
You are no longer berserk.
You are exhausted.
You feel yourself slow down. Something hits you but does no damage.
Your system partially rejects the healing.
You feel much better. You block something's attack.
Jorgrun falters for a moment.
Your ufetubus closely misses Jorgrun.
Your ufetubus hits Jorgrun but does no damage.
Jorgrun falters for a moment.
Unknown command.
As you read the scroll of fear, it crumbles to dust.
You assume a fearsome visage.
Jorgrun resists with almost no effort.
Your ufetubus is unaffected.
Your ufetubus misses Jorgrun.
Your ufetubus barely misses Jorgrun.
Jorgrun points at you and mumbles some strange words.
The iron shot hits you!!
You die...

#+## ### ....)#
#.}.############...
.....###.............#..♣
...)^...................♣
.....................##.♣
.....................##.♣♣
..............5g@....#...♣♣♣♣
.........#####...............
<........ ###.######.....##.
......... #...# #........
......... #{########...#####
...#.... #.......##..##
.#.###############.##..#{
.#<#.............#.##..#
.###.##########..#.##..#


You could see Jorgrun and a friendly ufetubus.

Vanquished Creatures
  A sphinx (D:12)
  Kirke (D:12)
  An orc warlord (Orc:1)
  A reaper (Gauntlet)
  A minotaur (Gauntlet)
  An ogre mage (Orc:2)
  The ghost of Omunach the Destroyer, a journeyman OpVM of Vehumet (Lair:3)
  4 hydras
  A shambling mangrove (Lair:3)
  Erica (D:8)
  7 two-headed ogres
  3 death yaks (D:9)
  2 deep troll earth magi (D:12)
  A sun demon (Lair:6)
  8 orc high priests
  A shock serpent (Volcano)
  4 slime creatures
  A salamander mystic (Volcano)
  4 orc knights
  2 wizards
  Pikel (D:7)
  3 deep elf magi
  A necromancer (Gauntlet)
  4 oklob plants
  An orc sorcerer (Orc:1)
  2 manticores (D:12)
  3 ugly things
  A cyclops (D:11)
  A shining eye (Gauntlet)
  6 salamanders (Volcano)
  2 elephants (Lair:6)
  3 black mambas
  A smoke demon (Lair:6)
  A centaur zombie (D:12)
  An orange demon (Lair:6)
  9 spiny frogs
  2 gargoyles
  2 kobold demonologists
  5 rime drakes
  8 komodo dragons
  3 ice devils (Lair:6)
  A red devil (Lair:6)
  A tengu conjurer (D:13)
  A polar bear (Lair:5)
  2 hornets (Lair:3)
  4 trolls
  A jumping spider (Lair:2)
  A bog body (Lair:4)
  Grinder (D:4)
  Prince Ribbit (D:8)
  12 blink frogs
  11 hippogriffs
  7 dream sheep (Lair:6)
  2 redbacks (Lair:2)
  A vampire (D:14)
  A spriggan (D:11)
  4 wyverns
  4 hogs (D:12)
  33 yaks
  2 yaks (shapeshifter) (D:13)
  2 hungry ghosts
  7 vampire mosquitoes
  7 wargs (Orc:2)
  5 acid dragons (D:12)
  A floating eye (Gauntlet)
  4 hell hounds (Lair:6)
  7 porcupines
  11 water moccasins
  4 ice beasts
  A black bear (Lair:4)
  25 orc warriors
  A phantom (D:9)
  A necrophage (D:8)
  A sky beast (D:8)
  9 ogres
  13 killer bees
  6 centaurs
  17 wolves
  10 crocodiles
  14 bullfrogs
  11 big kobolds
  4 scorpions
  9 wights
  5 crimson imps
  A howler monkey (D:6)
  A bullfrog zombie (D:8)
  36 orc priests
  3 centaur skeletons
  4 jellies
  A bullfrog skeleton (D:10)
  6 hounds
  22 orc wizards
  7 iguanas
  Ijyb (D:5)
  2 hell rats
  9 worker ants
  A hound zombie (D:8)
  Robin (D:3)
  A worker ant zombie (D:7)
  14 adders
  5 gnolls
  A howler monkey skeleton (D:6)
  A river rat (D:9)
  7 shadow imps
  2 adder zombies (D:8)
  A worm (D:2)
  4 leopard geckos
  86 orcs
  9 giant cockroaches
  11 goblins
  11 hobgoblins
  2 jackals (D:9)
  28 kobolds
  9 quokkas
  A ball python (D:1)
  5 bats
  6 frilled lizards
  A jackal skeleton (D:4)
  A quokka skeleton (D:5)
  A quokka zombie (D:7)
  12 rats
  A fungus (Lair:3)
  3 plants
  4 withered plants (Gauntlet)
693 creatures vanquished.

Vanquished Creatures (collateral kills)
  An orc high priest (Orc:2)
  A two-headed ogre (D:9)
  A jumping spider (Lair:2)
  A troll (D:9)
  A hornet (Lair:3)
  2 blink frogs
  A redback (Lair:2)
  3 yaks
  A basilisk (Lair:6)
  A floating eye (Gauntlet)
  An orc warrior (Orc:2)
  An ogre (D:9)
  A crocodile (Lair:5)
  4 big kobolds
  2 bullfrogs (D:6)
  2 killer bees (D:8)
  2 orc wizards
  3 orc priests
  An iguana (Lair:2)
  A worker ant (D:10)
  5 gnolls
  5 orcs
  A frilled lizard (D:4)
42 creatures vanquished.

Vanquished Creatures (others)
  A black mamba (Lair:6)
  2 redbacks (Lair:2)
  A gnoll sergeant (D:4)
  2 killer bees (D:7)
  3 orc wizards
  An orc priest (D:9)
  2 gnolls (D:4)
  An adder (D:7)
  A leopard gecko (D:7)
  An orc (D:7)
  A kobold (D:11)
  8 fungi
  10 plants
  3 withered plants (Gauntlet)
37 creatures vanquished.

Grand Total: 772 creatures vanquished

Notes
Turn   | Place    | Note
-------+----------+-------------------------------------------
     0 | D:1      | Inarius the Demonspawn Artificer began the quest for the
                  | Orb.
     0 | D:1      | Reached XP level 1. HP: 15/15 MP: 3/3
   296 | D:1      | Gained mutation: You have a pair of small antennae on your
                  | head. [demonic ancestry]
   296 | D:1      | Reached XP level 2. HP: 20/21 MP: 4/4
  1497 | D:2      | Reached XP level 3. HP: 27/27 MP: 5/5
  1850 | D:2      | Found a hide-covered altar of Uskayaw.
  2059 | D:2      | Reached skill level 1 in Armour
  2747 | D:3      | Noticed Robin
  2781 | D:2      | Reached skill level 1 in Axes
  2781 | D:2      | Reached XP level 4. HP: 13/33 MP: 6/6
  2974 | D:3      | You fall into a shaft and drop 2 floors!
  2974 | D:5      | Entered Level 5 of the Dungeon
  4062 | D:3      | Killed Robin
  4262 | D:4      | Reached skill level 2 in Axes
  4262 | D:4      | Gained mutation: Your flesh is cold resistant. (rC+)
                  | [demonic ancestry]
  4262 | D:4      | Reached XP level 5. HP: 39/39 MP: 7/7
  4912 | D:4      | Noticed Grinder
  4925 | D:4      | Killed Grinder
  4925 | D:4      | Reached skill level 4 in Axes
  4925 | D:4      | Gained mutation: Your movements are slightly less
                  | encumbered by armour. (ER -2) [demonic ancestry]
  4925 | D:4      | Reached XP level 6. HP: 46/46 MP: 8/8
  4982 | D:4      | Found a shattered altar of Ashenzari.
  5245 | D:5      | Found Gozag's Platinum Reserve.
  5259 | D:5      | Gained mutation: Your movements are less encumbered by
                  | armour. (ER -4) [demonic ancestry]
  5259 | D:5      | Reached XP level 7. HP: 52/52 MP: 9/9
  5329 | D:5      | Found an opulent altar of Gozag.
  5379 | D:5      | Found a bloodstained altar of Trog.
  5404 | D:5      | Became a worshipper of Trog the Wrathful
  5448 | D:5      | Noticed Ijyb
  5475 | D:5      | Killed Ijyb
  5905 | D:5      | Reached skill level 5 in Axes
  6102 | D:5      | Reached skill level 6 in Axes
  6278 | D:6      | Gained mutation: A weak demonic guardian rushes to your
                  | aid. [demonic ancestry]
  6278 | D:6      | Reached XP level 8. HP: 45/58 MP: 10/10
  6508 | D:6      | Found a staircase to the Ecumenical Temple.
  6877 | D:6      | Reached skill level 7 in Axes
  7419 | D:6      | You fall into a shaft and drop 1 floor!
  7558 | D:6      | Reached * piety under Trog
  7740 | D:7      | Reached skill level 8 in Axes
  8005 | D:7      | Found a hazy altar of Hepliaklqana.
  8028 | D:7      | Reached XP level 9. HP: 65/65 MP: 11/11
  8062 | D:7      | Noticed Pikel
  8080 | D:7      | Killed Pikel
  8080 | D:7      | Reached skill level 1 in Shields
  8169 | D:7      | Found a shimmering altar of Xom.
  8635 | D:7      | Found a radiant altar of Vehumet.
  8902 | D:8      | Noticed a kobold demonologist
  8914 | D:8      | Reached skill level 9 in Axes
  8944 | D:8      | Noticed a red devil
  8950 | D:8      | Noticed an orange demon
  9275 | D:7      | Noticed a red devil
  9276 | D:7      | Killed a kobold demonologist
  9288 | D:7      | Reached skill level 5 in Armour
  9328 | D:7      | Reached skill level 10 in Axes
  9571 | D:8      | Reached ** piety under Trog
  9659 | D:8      | Noticed Erica
  9697 | D:8      | Killed Erica
  9697 | D:8      | Reached XP level 10. HP: 23/73 MP: 13/13
 10098 | D:8      | Reached skill level 5 in Fighting
 10310 | D:8      | Found a shimmering blue altar of Sif Muna.
 10594 | D:8      | Found a white marble altar of Elyvilon.
 10810 | D:8      | Got a warped leather armour
 10973 | D:8      | You fall into a shaft and drop 1 floor!
 11160 | D:9      | Found a snail-covered altar of Cheibriados.
 11173 | D:9      | Identified the cursed +1 leather armour "Qosazen" {rN+
                  | Regen+ Stlth-} (You found it on level 8 of the Dungeon)
 11178 | D:9      | Noticed a two-headed ogre
 11184 | D:9      | Killed a two-headed ogre
 11414 | D:9      | Noticed a death yak
 11464 | D:9      | Found a shadowy altar of Dithmenos.
 11474 | D:9      | Reached skill level 11 in Axes
 11654 | D:9      | Found a stormy altar of Qazlal.
 11716 | D:9      | Reached *** piety under Trog
 11984 | D:9      | Noticed a two-headed ogre
 11993 | D:9      | Killed a two-headed ogre
 12056 | D:9      | Found the +15 Maxwell's patent armour {-Cast -Tele rElec
                  | MR+ rCorr}
 12092 | D:8      | Noticed Prince Ribbit
 12108 | D:8      | Killed Prince Ribbit
 12344 | D:9      | Found a staircase to the Lair.
 12376 | D:9      | Noticed a death yak
 12377 | D:9      | Noticed a death yak
 12386 | D:9      | Killed a death yak
 12398 | D:9      | Killed a death yak
 12398 | D:9      | Gained mutation: You have a pair of antennae on your head.
                  | [demonic ancestry]
 12398 | D:9      | Reached XP level 11. HP: 62/81 MP: 14/14
 12404 | D:9      | Killed a death yak
 12404 | D:9      | Reached skill level 12 in Axes
 12663 | D:9      | Noticed a two-headed ogre
 12673 | D:9      | Killed a two-headed ogre
 13122 | D:10     | Entered Level 10 of the Dungeon
 13180 | D:10     | Reached **** piety under Trog
 13283 | D:10     | Noticed a two-headed ogre
 13294 | D:10     | Killed a two-headed ogre
 13973 | D:10     | Found a portal to a secret trove of treasure.
 14015 | D:10     | Found a staircase to the Orcish Mines.
 14429 | D:11     | You fall into a shaft and drop 1 floor!
 14614 | D:11     | Found a blossoming altar of Fedhas.
 14640 | D:11     | Noticed an oklob plant
 14910 | D:11     | Reached skill level 13 in Axes
 15203 | D:11     | Noticed a brown ugly thing
 15222 | D:11     | Killed a brown ugly thing
 15837 | Lair:1   | Entered Level 1 of the Lair of Beasts
 16055 | Lair:1   | Got a steaming scale mail
 16056 | Lair:1   | Identified the +3 scale mail of the Everdark {rF+} (You
                  | found it on level 1 of the Lair of Beasts)
 16530 | Lair:2   | Reached XP level 12. HP: 91/91 MP: 15/15
 16878 | Lair:2   | Upgraded the game from 0.25-a0-356-g7c9d860b3b to
                  | 0.25-a0-364-ge76b031baf
 17196 | Lair:2   | Found a hole to the Spider Nest.
 17526 | Lair:2   | Noticed a five-headed hydra
 17539 | Lair:2   | Killed a five-headed hydra
 17539 | Lair:2   | Reached skill level 14 in Axes
 17586 | Lair:2   | Reached ***** piety under Trog
 17586 | Lair:2   | Received a gift from Trog
 18298 | Lair:3   | Reached skill level 1 in Stealth
 18323 | Lair:3   | Found a runed translucent door.
 18324 | Lair:3   | Noticed Omunach's ghost (journeyman OpVM)
 18850 | Lair:4   | Noticed a seven-headed hydra
 18866 | Lair:4   | Killed a seven-headed hydra
 18866 | Lair:4   | Reached skill level 5 in Evocations
 18875 | Lair:4   | Found a gate leading to a gauntlet.
 18891 | Gauntlet | Entered a Gauntlet
 18891 | Gauntlet | Found a transporter.
 18891 | Gauntlet | Found a transporter.
 18892 | Gauntlet | Found a transporter.
 18895 | Gauntlet | Found a transporter.
 18895 | Gauntlet | Found a transporter.
 18895 | Gauntlet | Found a transporter.
 18905 | Gauntlet | Found a transporter.
 18905 | Gauntlet | Found a transporter.
 18909 | Gauntlet | Found a transporter.
 18921 | Gauntlet | Found a transporter.
 18923 | Gauntlet | Noticed a reaper
 19025 | Gauntlet | Found a transporter.
 19041 | Gauntlet | Found a transporter.
 19162 | Gauntlet | Paralysed by a floating eye for 2 turns
 19166 | Gauntlet | Gained mutation: Potions are less effective at restoring
                  | your health. [a shining eye]
 19177 | Gauntlet | Got a pitted sapphire amulet
 19217 | Gauntlet | Killed a reaper
 19232 | Gauntlet | Got a pair of twisted gloves
 19249 | Gauntlet | Identified the +2 pair of gloves of the Eight Boll Weevils
                  | {+Fly Regen+} (You found it in a Gauntlet)
 19281 | Gauntlet | Identified the +2 flail of Extermination {crush, MR++
                  | Str-2}
 19281 | Gauntlet | Identified the ring "Norch" {rF- AC+1 Int+5 Dex+6}
 19281 | Gauntlet | Noticed a minotaur
 19304 | Gauntlet | Killed a minotaur
 19304 | Gauntlet | Reached skill level 5 in Dodging
 19340 | Gauntlet | Got a pitted hat
 19340 | Gauntlet | Got a transparent ring mail
 19695 | Lair:4   | Found a staircase to the Swamp.
 19711 | Lair:4   | Gained mutation: You are immune to freezing clouds.
                  | [demonic ancestry]
 19711 | Lair:4   | Reached XP level 13. HP: 89/99 MP: 16/16
 20429 | Lair:5   | Found a dark tunnel.
 20447 | Volcano  | Entered a volcano
 20466 | Volcano  | Found a burning altar of Makhleb.
 20610 | Volcano  | Reached skill level 15 in Axes
 20632 | Volcano  | Identified the +0 hat "Gesimau" {rN+} (You found it in a
                  | Gauntlet)
 20994 | Lair:5   | Identified the +0 ring mail of the Sun {rPois Str+7 Int-2}
                  | (You found it in a Gauntlet)
 21506 | Lair:5   | Found a staircase to the Slime Pits.
 21506 | Lair:5   | Found a viscous altar of Jiyva.
 21556 | Lair:5   | Received a gift from Trog
 21683 | Lair:6   | Entered Level 6 of the Lair of Beasts
 22111 | Lair:6   | Reached skill level 5 in Shields
 22193 | Lair:6   | Identified the amulet of Reimbursement {+Rage Dex+4} (You
                  | found it in a Gauntlet)
 22253 | Lair:6   | Got a shimmering trident
 22254 | Lair:6   | Identified the +4 trident of Interdependent Arising {speed,
                  | +Inv rPois rC+++ Dex-2} (You found it on level 6 of the
                  | Lair of Beasts)
 22641 | Lair:6   | Reached skill level 16 in Axes
 22891 | Lair:6   | Gained mutation: Your movements are significantly less
                  | encumbered by armour. (ER -6) [demonic ancestry]
 22891 | Lair:6   | Reached XP level 14. HP: 64/108 MP: 17/17
 22947 | Lair:6   | Found a burning altar of Makhleb.
 23251 | Lair:6   | Found a gateway to Hell.
 23490 | Lair:3   | Killed Omunach's ghost
 23490 | Lair:3   | Received a gift from Trog
 23751 | Lair:3   | Got a warped bronze ring
 23756 | Lair:3   | Identified the ring "Puann" {Ice rElec MP+9} (You found it
                  | on level 3 of the Lair of Beasts)
 23905 | Orc:1    | Entered Level 1 of the Orcish Mines
 24063 | Orc:1    | Noticed an orc warlord
 24227 | Orc:1    | Killed an orc warlord
 24670 | Orc:1    | Reached skill level 10 in Fighting
 24717 | Orc:1    | Found a roughly hewn altar of Beogh.
 25044 | Orc:2    | Entered Level 2 of the Orcish Mines
 25044 | Orc:2    | Found a staircase to the Elven Halls.
 25265 | Orc:2    | Received a gift from Trog
 25650 | Orc:2    | Found a roughly hewn altar of Beogh.
 25796 | Orc:2    | Found Ramp's Food Emporium.
 25796 | Orc:2    | Found Hutym's Jewellery Boutique.
 25864 | Orc:2    | Found Zyigh's General Store.
 25870 | Orc:2    | Received a gift from Trog
 25874 | Orc:2    | Found Vuroah's Antique Weapon Emporium.
 25926 | Orc:2    | Bought 2 scrolls of identify for 56 gold pieces
 25926 | Orc:2    | Bought a wand of acid (6) for 280 gold pieces
 26157 | Orc:2    | Reached skill level 17 in Axes
 26806 | D:12     | Noticed Kirke
 26826 | D:12     | Killed Kirke
 27094 | D:12     | Found a transporter.
 27164 | D:12     | Found a runed translucent door.
 27203 | D:12     | Reached XP level 15. HP: 87/117 MP: 6/19
 27232 | D:12     | Noticed a sphinx
 27250 | D:12     | Killed a sphinx
 27415 | D:12     | Found a transporter.
 27610 | D:13     | Received a gift from Trog
 27628 | D:13     | Got a polished hand axe {god gift}
 27629 | D:13     | Identified the +3 hand axe of Incongruity {chop, +Inv rN+
                  | MR+ Dex-3} (Trog gifted it to you on level 13 of the
                  | Dungeon)
 28309 | D:14     | Noticed Jorgrun
 28400 | D:14     | HP: 6/175 [Jorgrun/iron shot (11)]
 28405 | D:14     | Killed from afar by Jorgrun

Levels and vault maps discovered:
D:1:      lemuel_arrival_broad_hall, layout_basic
D:2:      layout_loops_corners, eat_drink_and_be_merry_uskayaw,
          kennysheep_small_spiral, minmay_hedge_maze
D:3:      layout_rooms, uniq_robin
D:4:      layout_basic, lemuel_round_altar, first_ration, minmay_statues_item,
          uniq_grinder
D:5:      layout_basic, kennysheep_mini, nicolae_gozag_zags_fifth_avenue,
          uniq_ijyb
D:6:      layout_rooms, minmay_temple_entry_nine_rooms
D:7:      layout_loops_ring, vehumet_crystals, kennysheep_little_box,
          chequers_serial_rivers_room_b, xom_confusion_cloud, uniq_pikel
D:8:      layout_loops_ring, elyvilon_altar_5, overflow_temple_1_default,
          special_room [special_room_kobold], uniq_erica, uniq_prince_ribbit1
D:9:      layout_grid_maze, lemuel_round_altar, lemuel_crystal_altar,
          grunt_qazlal_sundering, dpeg_lair_monsters
D:10:     layout_rooms, erik_orc_1, enter_trove_2
D:11:     nicolae_whirlpool, layout_long_grid, hangedman_stone_soup, tgw_fedhas
D:12:     gammafunk_cloud_chamber, layout_gridville, minivault_13, uniq_kirke
D:13:     layout_roguey, grunt_potential
D:14:     layout_basic, grunt_vaults_entry_tiered, nrook_campfire,
          interstate_on_off, minmay_misc_feat_iff,
          minmay_hollow_rounded_squares, uniq_jorgrun
Lair:1:   layout_cave_shapes, infiniplex_staircase_pool_2
Lair:2:   beast_lair_carwin_large_3, layout_small_grid,
          nicolae_spider_entry_tight_spaces
Lair:3:   layout_loops_ring, gammafunk_ghost_grave, minmay_lair_oklob_chamber
Lair:4:   layout_cave_pods, skrybe_swamp_entry_bodies, gauntlet_entry_generic
Lair:5:   layout_gridlike, slime_altar_1, enter_volcano_4
Lair:6:   evil_forest, layout_regular_city
Orc:1:    orc_temple, layout_caves
Orc:2:    st_orc_town, layout_diamond_mine

Skill      XL: |  1  2  3  4  5  6  7  8  9 10 11 12 13 14 15 |
---------------+----------------------------------------------+-----
Dodging        | 2 3 4 5 6 |  6.4
Fighting       | 2 3 4 5 7 8 9 10 | 10.9
Armour         | 1 2 3 4 5 6 7 8 9 |  9.3
Axes           | 1 2 4 6 8 10 11 13 14 16 17 | 17.5
Shields        | 1 2 3 4 5 6 7 |  7.0
Evocations     | 4 5 |  5.3
Stealth        | 1 2 3 |  3.0
Short Blades   | |  0.8
Maces & Flails | |  0.1

Action                   |  1- 3 |  4- 6 |  7- 9 | 10-12 | 13-15 || total
-------------------------+-------+-------+-------+-------+-------++-------
Melee: Short sword       |    93 |       |       |       |       ||    93
       Hand axe          |    70 |   138 |    63 |       |       ||   271
       War axe           |       |       |   488 |  1006 |   803 ||  2297
       Whip              |       |       |       |    13 |    20 ||    33
       Broad axe         |       |       |       |       |   526 ||   526
Throw: Boomerang         |    11 |    17 |    10 |       |     1 ||    39
       Throwing net      |       |       |     2 |     1 |       ||     3
       Javelin           |       |       |       |    13 |     2 ||    15
Invok: Berserk           |       |       |       |    23 |    22 ||    45
       Trog's Hand       |       |       |       |     5 |     3 ||     8
 Abil: Evoke Berserk Rag |       |     1 |       |       |       ||     1
       Evoke Flight      |       |       |     1 |       |       ||     1
Evoke: Wand              |     9 |    13 |    34 |    31 |    33 ||   120
  Use: Scroll            |       |     2 |     7 |    15 |    14 ||    38
       Potion            |       |     2 |     3 |     3 |     3 ||    11
 Stab: Sleeping          |     1 |       |       |    15 |    22 ||    38
       Paralysed         |       |    11 |    14 |    15 |    13 ||    53
       Distracted        |       |       |     2 |     6 |    13 ||    21
       Held in net/web   |       |       |       |     1 |       ||     1
       Confused          |       |       |       |       |     2 ||     2
  Eat: Chunk             |     6 |     9 |    12 |    57 |    47 ||   131
       Ration            |       |       |     1 |       |     1 ||     2
Armor: Leather armour    |    50 |       |       |       |       ||    50
       Scale mail        |    12 |    25 |       |       |    10 ||    47
       Ring mail         |    12 |       |       |       |       ||    12
       Skin              |       |    15 |    21 |       |       ||    36
       Chain mail        |       |    31 |   159 |       |       ||   190
       Plate armour      |       |       |   102 |   130 |       ||   232
       Shadow dragon sca |       |       |       |   278 |   393 ||   671
Dodge: Dodged            |   159 |    44 |   222 |   362 |   439 ||  1226
Block: Buckler           |       |       |    84 |   133 |       ||   217
       Shield            |       |       |       |   131 |   569 ||   700

Table legend:
 A = Non-vault XP
 B = Vault XP
 C = Vault XP percentage of total XP
 D = Non-vault monster count
 E = Vault monster count
 F = Vault count percentage of total count
                 A         B        C        D         E       F
            +---------+---------+-------+---------+---------+-------
      Total |   58784 |   56899 |  49.2 |     470 |     260 |  35.6
            +---------+---------+-------+---------+---------+-------
        D:1 |      39 |       0 |   0.0 |      26 |       0 |   0.0
        D:2 |      35 |       8 |  18.6 |      13 |       4 |  23.5
        D:3 |      21 |      27 |  56.2 |       6 |       7 |  53.8
        D:4 |     291 |     277 |  48.8 |      19 |       1 |   5.0
        D:5 |     329 |      36 |   9.9 |      12 |       1 |   7.7
        D:6 |    1506 |       0 |   0.0 |      33 |       0 |   0.0
        D:7 |     667 |    1712 |  72.0 |      16 |      12 |  42.9
        D:8 |    1346 |     900 |  40.1 |      43 |      19 |  30.6
        D:9 |    3914 |    2574 |  39.7 |      38 |      10 |  20.8
       D:10 |    2500 |     881 |  26.1 |      19 |      19 |  50.0
       D:11 |    2962 |     977 |  24.8 |      19 |       6 |  24.0
       D:12 |    4728 |    8885 |  65.3 |      33 |      16 |  32.7
       D:13 |    3295 |    2877 |  46.6 |      20 |      13 |  39.4
       D:14 |    1204 |       0 |   0.0 |       6 |       0 |   0.0
     Lair:1 |    1699 |       0 |   0.0 |       9 |       0 |   0.0
     Lair:2 |    3570 |    2845 |  44.3 |      20 |      13 |  39.4
     Lair:3 |    2501 |    3481 |  58.2 |      11 |       7 |  38.9
     Lair:4 |    4414 |     283 |   6.0 |      18 |       1 |   5.3
     Lair:5 |    4535 |       0 |   0.0 |      25 |       0 |   0.0
     Lair:6 |   11066 |    8579 |  43.7 |      46 |      26 |  36.1
      Orc:1 |     173 |    6205 |  97.3 |       9 |      26 |  74.3
      Orc:2 |    7989 |    7659 |  48.9 |      29 |      60 |  67.4
    Volcano |       0 |    4360 | 100.0 |       0 |       8 | 100.0
   Gauntlet |       0 |    4333 | 100.0 |       0 |      11 | 100.0
            +---------+---------+-------+---------+---------+-------
